 Dungeon Crawl Stone Soup version 0.29-a0-323-g050149af67 (webtiles) character file.

Game seed: 4110709575633280240

16 Iscandelvey the Firebug (level 2, 19/19 HPs)
             Began as a Demonspawn Fire Elementalist on Apr 12, 2022.
             Quit the game on level 1 of the Dungeon.
             The game lasted 00:00:41 (698 turns).

Iscandelvey the Firebug (DsFE)                       Turns: 698, Time: 00:00:41

Health: 19/19      AC:  2    Str:  8    XL:     2   Next: 41%
Magic:  5/5        EV: 12    Int: 16    God:
Gold:   40         SH:  4    Dex: 13    Spells: 4/5 levels left

rFire   . . .      SeeInvis .   e - +0 dagger (elec)
rCold   . . .      Faith    .   (no shield)
rNeg    . . .      Spirit   .   a - +0 robe
rPois   .          Reflect  .   (no helmet)
rElec   .          Harm     .   (no cloak)
rCorr   .          Rampage  .   (no gloves)
Will    .....                   (no boots)
Stlth   ++........              (no amulet)
HPRegen 0.06/turn               (no ring)
MPRegen 0.09/turn               (no ring)

@: no status effects
A: condensation shield
a: no special abilities


You were on level 1 of the Dungeon.
You visited 1 branch of the dungeon, and saw 1 of its levels.

You collected 40 gold pieces.

Inventory:

Hand Weapons
 c - a +0 dagger
 e - a +0 dagger of electrocution (weapon)
Armour
 a - a +0 robe (worn)
Scrolls
 d - a scroll of identify {unknown}
Potions
 b - a potion of magic


   Skills:
 + Level 1.9 Dodging
 + Level 2.0 Stealth
 * Level 2.3 Spellcasting
 * Level 1.4 Conjurations
 + Level 2.8 Fire Magic


You had 4 spell levels left.
You knew the following spells:

 Your Spells              Type           Power      Damage    Failure   Level
a - Foxfire               Conj/Fire      32%        2x1d5     9%          1

Your spell library contained the following spells:

 Spells                   Type           Power      Damage    Failure   Level
 Scorch                   Fire           20%        2d6       10%         2
 Conjure Flame            Conj/Fire      8%         6-21      26%         3
 Inner Flame              Hex/Fire       6%         N/A       34%         3
 Flame Wave               Conj/Fire      8%         2d5       63%         4


Dungeon Overview and Level Annotations

Branches:
Dungeon (1/15)

Altars:


Innate Abilities, Weirdness & Mutations

A meltable shield of frost defends you. (SH +4)


Message History

No target in view!
d - a scroll labelled COERUD EDIYL No target in view!
A hobgoblin comes into view.
A hobgoblin is nearby!
The helpless hobgoblin fails to defend itself.
You hit the hobgoblin.
You kill the hobgoblin!
No target in view!
No target in view!
A goblin comes into view.
It is wielding a +0 dagger of electrocution.
A goblin is nearby!
A goblin is nearby!
The helpless goblin fails to defend itself.
You hit the goblin.
You kill the goblin!
No target in view!
You see here a +0 dagger of electrocution.
Found a stone staircase leading down.
No target in view!
You see here a +0 dagger of electrocution.
e - a +0 dagger of electrocution You hear the crackle of electricity.
e - a +0 dagger of electrocution (weapon)
A gnoll comes into view. It is wielding a +0 whip.
The gnoll shouts!
You hit the gnoll but do no damage. Lightning courses through the gnoll!!
You kill the gnoll!
Your Stealth skill increases to level 2!
You have reached level 2!
Your demonic ancestry asserts itself...
Frost condenses into a shield before you.
Things that are here:
a +0 whip; a gnoll corpse No target in view!
You open the door.
There is an open door here.
A dart slug comes into view.
A dart slug is nearby!
Are you sure you want to abandon this character and quit the game? (Confirm with "yes".)

#....##### ##...###.....####....#
##...# #...######.......####
≈##..########.......##.......####
≈≈##.....).......................
≈≈≈###########......##........###
.P≈# #......##........# ≈≈≈# #
###'#..########..# ≈≈##
#w..###.##.##### #..# ≈##
.......@#......# #..# ##
....#####......# ##..## # ..
#......# #....# #......# #....#
##..#### #....# ##.## #....# #..#
##..## ##.## #..# #..# #..#


You could see a dart slug (asleep).

Vanquished Creatures
  A gnoll (D:1)
  A bat (D:1)
  2 goblins (D:1)
  A hobgoblin (D:1)
  A frilled lizard (D:1)
  A rat (D:1)
7 creatures vanquished.

Notes
Turn   | Place    | Note
-------+----------+-------------------------------------------
     0 | D:1      | Iscandelvey the Demonspawn Fire Elementalist began the
                  | quest for the Orb.
     0 | D:1      | Reached XP level 1. HP: 13/13 MP: 3/3
   686 | D:1      | Gained mutation: A meltable shield of frost defends you.
                  | (SH +4) [demonic ancestry]
   686 | D:1      | Reached XP level 2. HP: 19/19 MP: 5/5
   698 | D:1      | Quit the game

Illustrated notes

Levels and vault maps discovered:
D:1:      lightli_arrival_statuegarden, layout_basic,
          hellmonk_ecumenical_altar_arch_garden

Skill      XL: |  1 |
---------------+----+-----
Stealth        | 2 |  2.0
Dodging        | |  1.9
Spellcasting   | |  2.3
Conjurations   | |  1.4
Fire Magic     | |  2.8

Action                   || total
-------------------------++-------
Melee: Unarmed           ||    12
       Dagger            ||    11
       Punch             ||     1
 Stab: Sleeping          ||     2
Armor: Robe              ||     6
Dodge: Dodged            ||    13

Table legend: (Time is in decaauts)
 A = Elapsed time spent in this place.
 B = Non-inter-level travel time spent in this place.
 C = Inter-level travel time spent in this place.
 D = Time resting spent in this place.
 E = Time spent auto-exploring this place.
 F = Levels seen in this place.
 G = Mean time per level.
                   A        B        C        D        E       F      G
               +--------+--------+--------+--------+--------+-----+--------+
         Total |    697 |    680 |     17 |      0 |    615 |   1 |  697.0 |
       Dungeon |    697 |    680 |     17 |      0 |    615 |   1 |  697.0 |
               +--------+--------+--------+--------+--------+-----+--------+

Top non-repeatable levels by time:
     D:1: 697 daAuts
